 Dungeon Crawl Stone Soup version 0.27-a0-124-g19cb506db8 (webtiles) character file.

Game seed: 1705084266920834331

63 sahdkjhfkaj the Magician (level 3, 19/19 HPs)
             Began as a Deep Elf Venom Mage on Jan 25, 2021.
             Quit the game on level 2 of the Dungeon.
             The game lasted 00:02:02 (1382 turns).

sahdkjhfkaj the Magician (Deep Elf Venom Mage)      Turns: 1382, Time: 00:02:02

Health: 19/19      AC:  2    Str:  5    XL:     3   Next: 87%
Magic:  10/12      EV: 13    Int: 20    God:
Gold:   30         SH:  0    Dex: 15    Spells: 7/13 levels left

rFire    . . .     SeeInvis .   (no weapon)
rCold    . . .     Faith    .   (no shield)
rNeg     . . .     Spirit   .   h - +0 robe (curse)
rPois    .         Reflect  .   (no helmet)
rElec    .         Harm     .   (no cloak)
rCorr    .         Rampage  .   (no gloves)
Will     .....                  (no boots)
Stlth    ++........             (no amulet)
HPRegen  0.06/turn              (no ring)
MPRegen  0.13/turn              (no ring)

@: no status effects
A: no striking features
a: no special abilities


You were on level 2 of the Dungeon.
You visited 1 branch of the dungeon, and saw 2 of its levels.

You collected 30 gold pieces.

Inventory:

Armour
 h - a cursed +0 robe (worn)
Scrolls
 c - a scroll of identify {unknown}
 e - a scroll of enchant armour {unknown}
 f - a scroll of remove curse {unknown}
 g - a scroll of amnesia {unknown}
Potions
 a - 2 potions of curing {unknown}
 b - a potion of might
 d - a potion of cancellation {unknown}


   Skills:
 - Level 2.4 Dodging
 - Level 2.4 Stealth
 + Level 5.8 Spellcasting
 - Level 1.1 Transmutations
 - Level 3.2 Poison Magic


You had 7 spell levels left.
You knew the following spells:

 Your Spells              Type           Power        Failure   Level
a - Sting                 Tmut/Pois      56%          4%          1
e - Poisonous Vapours     Pois/Air       24%          9%          2
q - Ignite Poison         Fire/Tmut/Pois 11%          17%         3

Your spell library contained the following spells:

 Spells                   Type           Power        Failure   Level
 Mephitic Cloud           Conj/Pois/Air  10%          21%         3
 Olgreb's Toxic Radiance  Pois           19%          26%         4


Dungeon Overview and Level Annotations

Branches:
Dungeon (2/15)

Altars:


Message History

You can't see any susceptible monsters within range! (Use Z to cast anyway.)
An adder comes into view.
You can't see any susceptible monsters within range! (Use Z to cast anyway.)
An adder is nearby!
You can't see any susceptible monsters within range! (Use Z to cast anyway.)
An adder is nearby!
You can't see any susceptible monsters within range! (Use Z to cast anyway.)
An adder is nearby!
You can't see any susceptible monsters within range! (Use Z to cast anyway.)
You see here a quarterstaff.
The sting hits the adder.
The adder is poisoned.
The adder is moderately wounded.
The adder hisses angrily.
The sting hits the adder.
The adder looks even sicker.
The adder is almost dead.
You kill the adder!
Saving game... please wait.
Welcome back, sahdkjhfkaj the Deep Elf Venom Mage.
Press ? for a list of commands and other information.
Are you sure you want to abandon this character and quit the game? (Confirm with "yes".)

....... #. ## #...#. #.
.##### #.... #.. ....
... #.#.. #.####..#
###.##.#.. #.......#
.......#). ##.......#
#...... #.....##..
#...... #...@.##.#
####...... #.....##.#
#..+...... ##.....##.#
#.##......
#.....###.###.##......
#.#######.....#######.
#.#.....'.....# #.
#.#.#####.....#######.
##'#...................
#.............#######..


There were no monsters in sight!

Vanquished Creatures
  A worker ant (D:2)
  An adder (D:2)
  2 dart slugs
  5 bats
  3 giant cockroaches
  4 goblins
  3 hobgoblins (D:1)
  A kobold (D:1)
  A frilled lizard (D:1)
  3 rats
24 creatures vanquished.

Notes
Turn   | Place    | Note
-------+----------+-------------------------------------------
     0 | D:1      | sahdkjhfkaj the Deep Elf Venom Mage began the quest for the
                  | Orb.
     0 | D:1      | Reached XP level 1. HP: 10/10 MP: 6/6
   224 | D:1      | Reached skill level 4 in Spellcasting
   224 | D:1      | Reached XP level 2. HP: 15/15 MP: 7/9
   910 | D:2      | Reached skill level 5 in Spellcasting
   910 | D:2      | Reached XP level 3. HP: 5/19 MP: 5/11
   913 | D:2      | Learned a level 2 spell: Poisonous Vapours
   917 | D:2      | Learned a level 3 spell: Ignite Poison
  1382 | D:2      | Quit the game

Illustrated notes

Levels and vault maps discovered:
D:1:      dpeg_arrival_oval, layout_rooms, hex_large, minivault_19
D:2:      layout_basic, uniq_sigmund

Skill      XL: |  1  2 |
---------------+-------+-----
Spellcasting   | 4 5 |  5.8
Dodging        | |  2.4
Stealth        | |  2.4
Transmutations | |  1.1
Poison Magic   | |  3.2

Action                   || total
-------------------------++-------
Melee: Unarmed           ||     8
 Cast: Sting             ||    41
       Poisonous Vapours ||     2
  Use: Potion            ||     1
Armor: Robe              ||     8
Dodge: Dodged            ||    16

Table legend: (Time is in decaauts)
 A = Elapsed time spent in this place.
 B = Non-inter-level travel time spent in this place.
 C = Inter-level travel time spent in this place.
 D = Time resting spent in this place.
 E = Time spent auto-exploring this place.
 F = Levels seen in this place.
 G = Mean time per level.
                   A        B        C        D        E       F      G
               +--------+--------+--------+--------+--------+-----+--------+
         Total |   1381 |   1360 |     21 |      0 |   1201 |   2 |  690.5 |
       Dungeon |   1381 |   1360 |     21 |      0 |   1201 |   2 |  690.5 |
               +--------+--------+--------+--------+--------+-----+--------+

Top non-repeatable levels by time:
     D:1: 894 daAuts
     D:2: 487 daAuts
